 Dungeon Crawl Stone Soup version 0.27.1-34-g3ba077fa99 (webtiles) character file.

Game seed: 5966266090287514796

1266 Gabide the Ducker (level 8, -1/61 HPs)
             Began as a Human Monk on Jan 24, 2022.
             Slain by a sky beast (6 damage)
             ... on level 6 of the Dungeon.
             The game lasted 00:14:19 (7304 turns).

Gabide the Ducker (Human Monk)                      Turns: 7304, Time: 00:14:20

Health: -1/61      AC:  5    Str: 12    XL:     8   Next: 82%
Magic:  8/8        EV: 16    Int:  8    God:
Gold:   1396       SH:  0    Dex: 22    Spells: 7/7 levels left

rFire    . . .     SeeInvis .   b - +0 battleaxe (freeze)
rCold    . . .     Faith    .   (shield currently unavailable)
rNeg     . . .     Spirit   .   s - +0 leather armour of Corghode {Harm Int-2 Dex+4}
rPois    .         Reflect  .   (no helmet)
rElec    .         Harm     +   q - +1 cloak
rCorr    .         Rampage  .   (no gloves)
Will     .....                  (no boots)
Stlth    +++.......             h - amulet of the acrobat
HPRegen  0.20/turn              (no ring)
MPRegen  0.11/turn              (no ring)

@: very slightly contaminated, invisible
A: no striking features
a: no special abilities


You were on level 6 of the Dungeon.
You visited 1 branch of the dungeon, and saw 6 of its levels.

You collected 1396 gold pieces.

Inventory:

Hand Weapons
 b - a +0 battleaxe of freezing (weapon)
Missiles
 e - 4 javelins (quivered)
 m - a boomerang of dispersal
Armour
 n - a +0 ring mail of cold resistance
 q - a +1 cloak (worn)
 s - the +0 leather armour of Corghode (worn) {Harm Int-2 Dex+4}
   (You found it on level 6 of the Dungeon)

   Int:       It affects your intelligence (-2).
   Dex:       It affects your dexterity (+4).
   Harm:      It increases damage dealt and taken.
Jewellery
 h - an amulet of the acrobat (around neck)
Wands
 d - a wand of iceblast (3)
 f - a wand of flame (47)
Scrolls
 o - a scroll of amnesia
 p - a scroll of fog
Potions
 c - a potion of brilliance
 g - a potion of invisibility
 k - a potion of curing
 r - a potion of might {unknown}


   Skills:
 + Level 4.5 Fighting
 + Level 4.6(5.6) Axes
 - Level 4.7(5.7) Maces & Flails
 + Level 3.2 Armour
 * Level 6.2 Dodging
 + Level 3.3 Stealth


You had 7 spell levels left.
You didn't know any spells.
Your spell library contained the following spells:

 Spells                   Type           Power      Damage    Failure   Level
 Foxfire                  Conj/Fire      0%         2x1d4     50%         1
 Conjure Flame            Conj/Fire      0%         6-21      86%         3
 Inner Flame              Hex/Fire       0%         N/A       86%         3
 Ozocubu's Armour         Ice            0%         N/A       86%         3
 Ozocubu's Refrigeration  Ice            0%         4d5       100%        7
 Chain Lightning          Conj/Air       0%         N/A       100%        9
 Fire Storm               Conj/Fire      0%         5d1       100%        9


Dungeon Overview and Level Annotations

Branches:
Dungeon (6/15)
 Temple: D:4-7

Altars:
Dithmenos
Makhleb
Okawaru
Zin

Shops:
D:5 :


Message History

You slash the gnoll! You freeze the gnoll.
You kill the gnoll!
A necrophage comes into view.
The gnoll closely misses you.
The sky beast flickers out of sight!
Deactivating autopickup; reactivate with Ctrl-A.
Aiming: Iceblast
Press: ? - help, Shift-Dir - straight line, f - gnoll
Aim: a gnoll, wielding a +0 flail The mass of ice explodes!
The iceblast engulfs something!
The iceblast engulfs you!
* * * LOW HITPOINT WARNING * * *
The iceblast engulfs the gnoll!
The gnoll is severely wounded.
Something hits you but does no damage.
You feel better. Something hits you.
* * * LOW HITPOINT WARNING * * *
Something shocks you.
* * * LOW HITPOINT WARNING * * *
A sky beast appears from thin air!
Reactivating autopickup.
You feel better. The sky beast hits you.
* * * LOW HITPOINT WARNING * * *
The sky beast shocks you.
* * * LOW HITPOINT WARNING * * *
You fade into invisibility!
The sky beast misses you.
You are very lightly contaminated with residual magic.
The sky beast completely misses you.
You see here 22 stones.
The sky beast flickers out of sight!
Deactivating autopickup; reactivate with Ctrl-A.
You miss something. Something hits you but does no damage.
You miss something. Something closely misses you.
You closely miss something.
A sky beast appears from thin air!
Reactivating autopickup.
The sky beast hits you.
* * * LOW HITPOINT WARNING * * *
The sky beast shocks you.
You die...

# .# ##########.#
#.####### #..........#
#.......######..........#
.........ngY@..........>#
#######.######.(........#
########.#### #..........#
......$.n##.# #..........#
...#####))#.########.###.#
#.....gg.# #.# #..).###.#
#.# #.#..# #.# #.....# #.#


You could see a sky beast, a necrophage and a gnoll.

Vanquished Creatures
  Grinder (D:3)
  A black bear (D:5)
  2 ogres
  A jelly (D:5)
  A gnoll sergeant (D:6)
  A scorpion (D:5)
  A water moccasin skeleton (D:4)
  An orc priest (D:6)
  2 hounds
  A bullfrog skeleton (D:5)
  A centaur skeleton (D:5)
  Ijyb (D:3)
  6 iguanas
  A scorpion zombie (D:5)
  A hound skeleton (D:5)
  A hound zombie (D:5)
  A howler monkey zombie (D:5)
  4 gnolls (D:6)
  5 adders
  An adder skeleton (D:4)
  A worm (D:3)
  4 dart slugs
  16 orcs
  2 ball pythons
  8 endoplasms
  5 giant cockroaches
  10 goblins
  5 hobgoblins
  6 jackals (D:2)
  3 quokkas
  5 bats
  2 frilled lizards
  13 kobolds
  7 rats
121 creatures vanquished.

Notes
Turn   | Place    | Note
-------+----------+-------------------------------------------
     0 | D:1      | Gabide the Human Monk began the quest for the Orb.
     0 | D:1      | Reached XP level 1. HP: 18/18 MP: 1/1
   197 | D:1      | Reached XP level 2. HP: 21/24 MP: 2/2
   963 | D:1      | Found a faded altar of an unknown god.
  1023 | D:1      | Reached XP level 3. HP: 25/29 MP: 3/3
  1739 | D:2      | Reached XP level 4. HP: 35/35 MP: 4/4
  2635 | D:3      | Noticed Grinder
  2635 | D:3      | Paralysed by Grinder for 6 turns
  2654 | D:3      | Killed Grinder
  2655 | D:3      | Reached skill level 4 in Dodging
  2655 | D:3      | Reached XP level 5. HP: 20/41 MP: 1/5
  2655 | D:3      | Reached XP level 6. HP: 24/47 MP: 1/6
  2870 | D:3      | Noticed Ijyb
  2880 | D:3      | Killed Ijyb
  3478 | D:4      | Noticed an ogre
  3570 | D:3      | Killed an ogre
  3571 | D:3      | Reached skill level 5 in Dodging
  3571 | D:3      | Reached XP level 7. HP: 17/53 MP: 3/7
  5098 | D:4      | Found a burning altar of Makhleb.
  5103 | D:4      | Reached skill level 1 in Axes
  5240 | D:4      | Found an iron altar of Okawaru.
  5312 | D:5      | Entered Level 5 of the Dungeon
  5446 | D:5      | Found Udghaus's Book Boutique.
  5723 | D:5      | Reached XP level 8. HP: 23/60 MP: 4/8
  5911 | D:5      | Identified a scroll of acquirement
  5911 | D:5      | Acquired 1082 gold pieces
  6530 | D:5      | Found a shadowy altar of Dithmenos.
  6566 | D:5      | Noticed an angel
  6567 | D:5      | Found a glowing silver altar of Zin.
  6805 | D:5      | Reached skill level 6 in Dodging
  6971 | D:6      | Identified the +0 leather armour of Corghode {Harm Int-2
                  | Dex+4}
  7304 | D:6      | Slain by a sky beast

Illustrated notes

Levels and vault maps discovered:
D:1:      minmay_arrival_widening_spiral_wide, layout_basic,
          basic_ecumenical_altar
D:2:      kennysheep_big_flooded_room, layout_loops_ring, grunt_ministairs_14,
          minmay_tetromino_s2
D:3:      layout_basic, uniq_ijyb, uniq_grinder
D:4:      layout_cave_pools, makhleb_blood_cavern_becter, marbit_many_paths,
          grunt_tough_drop
D:5:      layout_gridville, zin_angel, nicolae_dithmenos_through_a_glass_darkly,
          serial_glass, glass_columns_b, glass_columns_a, item_on_display_a,
          serial_shops, nicolae_shop_statue_plus
D:6:      layout_basic, minmay_temple_entry_grid

Skill      XL: |  1  2  3  4  5  6  7  8 |
---------------+-------------------------+-----
Maces & Flails | 4 |  4.7
Armour         | 2 3 |  3.2
Dodging        | 4 5 6 |  6.2
Axes           | 2 4 |  4.6
Stealth        | 3 |  3.3
Fighting       | 4 |  4.5

Action                   |  1- 3 |  4- 6 |  7- 9 || total
-------------------------+-------+-------+-------++-------
Melee: Mace              |   116 |    85 |       ||   201
       Flail             |       |    12 |    47 ||    59
       Battleaxe         |       |       |   140 ||   140
Throw: Javelin           |     2 |    11 |     5 ||    18
       Boomerang         |       |     2 |       ||     2
Evoke: Wand              |       |     2 |     5 ||     7
  Use: Potion            |     1 |     3 |     3 ||     7
       Scroll            |     1 |     3 |     8 ||    12
 Stab: Sleeping          |     9 |     2 |     4 ||    15
       Distracted        |       |       |     1 ||     1
Armor: Robe              |    21 |       |       ||    21
       Leather armour    |     7 |    15 |    47 ||    69
       Skin              |    14 |    79 |       ||    93
Dodge: Dodged            |    93 |    91 |   209 ||   393
